[Event "*** SCC Grand Prix: Titled Tuesday Blitz"]
[Site "Chess.com"]
[Date "2020.08.11"]
[Round "5"]
[White "DFeco"]
[Black "Chessbard1972"]
[Result "1-0"]
[WhiteElo "2188"]
[BlackElo "2324"]
[TimeControl "180+1"]
[EndTime "10:54:11 PDT"]
[Termination "DFeco won by checkmate"]

1. c4 Nf6 2. g3 g6 3. Bg2 Bg7 4. Nc3 O-O 5. e4 d6 6. Nge2 e5 7. O-O Nc6 8. d3 Be6 9. h3 Qd7 10. Kh2 Ne8 11. f4 f5 12. Nd5 Nf6 13. Rb1 Nd4 14.
Nxd4 exd4 15. e5 dxe5 16. fxe5 Nxd5 17. cxd5 Bxd5 18. Bf4 Bxg2 19. Kxg2 Bxe5 20. Qb3+ Qf7 21. Qxf7+ Rxf7 22. Bxe5 c5 23. Rfe1 Rc8 24. b3 Rd7 25.
Rbc1 Kf7 26. Rc2 b6 27. b4 Rd5 28.
bxc5 bxc5 29. Bf4 Kf6 30. h4 Rd7 31. Bg5+ Kf7 32. Rec1 Rd5 33. Kf3 Kg7 34. Re1 Kf7 35. Re7+ Kg8 36. Rxa7 Rb8 37. Re2 c4 38. dxc4 Rc5 39.
Ree7 Rxc4 40. Rg7+ Kf8 41. Raf7+ Ke8 42. Re7+ Kf8 43. Rxh7 Kg8 44. Reg7+ Kf8 45. Bf6 Rc3+ 46. Kf4 Rc6 47. Rh8# 1-0

[Event "*** SCC Grand Prix: Titled Tuesday Blitz"]
[Site "Chess.com"]
[Date "2020.08.11"]
[Round "5"]
[White "Andrakhanova"]
[Black "TimKett"]
[Result "0-1"]
[WhiteElo "1687"]
[BlackElo "2201"]
[TimeControl "180+1"]
[EndTime "10:54:14 PDT"]
[Termination "TimKett won by resignation"]

1. c4 e6 2. g3 d5 3. Bg2 c5 4. cxd5 exd5 5. d4 cxd4 6. Qxd4 Nf6 7. Nf3 Nc6 8. Qa4 Bc5 9. O-O O-O 10. Nc3 d4 11. Nb5 a6 12. Na3 Bg4 13. Bf4 Nd5 14.
Bg5 Qd7 15. Rac1 Ba7 16. Rfd1 Rfe8 17. Kf1 h6 18. Bd2 Bh3 19. Ng1 Bxg2+ 20. Kxg2 Qg4 21.
f3 Qe6 22. Nc2 d3 23. e4 dxc2 24. exd5 cxd1=Q 25. Rxd1 0-1

[Event "*** SCC Grand Prix: Titled Tuesday Blitz"]
[Site "Chess.com"]
[Date "2020.08.11"]
[Round "5"]
[White "youngKID"]
[Black "tigra"]
[Result "1-0"]
[WhiteElo "2759"]
[BlackElo "2872"]
[TimeControl "180+1"]
[EndTime "10:54:16 PDT"]
[Termination "youngKID won by resignation"]

1. e4 c5 2. Nf3 d6 3. d4 cxd4 4.
Nxd4 Nf6 5. Nc3 a6 6. Be2 g6 7. Be3 Bg7 8. Qd2 Nc6 9. O-O-O O-O 10. Kb1 Bd7 11. h4 h5 12. f3 Rc8 13. Nxc6 Rxc6 14. Nd5 b5 15. g4 hxg4 16. h5 Nxh5 17. Bh6 e6 18. fxg4 exd5 19. gxh5 g5 20. Bxg5 Qe8 21.
Bh6 Qe5 22. Bxg7 Kxg7 23. exd5 Rcc8 24. Rhg1+ Kh7 25. Bd3+ f5 26. Rg6 1-0

[Event "*** SCC Grand Prix: Titled Tuesday Blitz"]
[Site "Chess.com"]
[Date "2020.08.11"]
[Round "5"]
[White "vpsetter"]
[Black "IMAghasiyevKamal"]
[Result "0-1"]
[WhiteElo "2626"]
[BlackElo "2441"]
[TimeControl "180+1"]
[EndTime "10:54:16 PDT"]
[Termination "IMAghasiyevKamal won on time"]

1. c4 Nf6 2. Nc3 g6 3. g3 Bg7 4. Bg2 O-O 5. Nf3 d6 6. O-O Nc6 7. Rb1 a5 8. a3 e5 9. d3 h6 10. b4 axb4 11. axb4 Be6 12. b5 Ne7 13. Qb3 Qd7 14. Nd2 Rab8 15. Ba3 b6 16. Bb2 Bh3 17. Nde4 Nh7 18. Rfd1 Bxg2 19. Kxg2 Kh8 20. Na2 f5 21. Nec3 f4 22. Ne4 Nf5 23. Qc2 Rf7 24. Nac3 Rbf8 25.
Nd5 g5 26. f3 h5 27. Rh1 g4 28. Rbf1 c6 29. bxc6 Qxc6 30. h3 Qxd5 0-1

[Event "*** SCC Grand Prix: Titled Tuesday Blitz"]
[Site "Chess.com"]
[Date "2020.08.11"]
[Round "5"]
[White "Arseniy_Nesterov"]
[Black "ENEASZ"]
[Result "1-0"]
[WhiteElo "2754"]
[BlackElo "2583"]
[TimeControl "180+1"]
[EndTime "10:54:19 PDT"]
[Termination "Arseniy_Nesterov won on time"]

1. d4 Nf6 2. c4 e6 3. Nf3 d5 4. Nc3 a6 5. cxd5 exd5 6. Bg5 Be6 7. Bxf6 Qxf6 8. Qb3 Nd7 9. Nxd5 Bxd5 10. Qxd5 Bb4+ 11. Kd1 Rd8 12. Qxb7 a5 13. Qe4+ Be7 14. e3 O-O 15. Bd3 g6 16. Ke2 Rfe8 17. Rhc1 Ba3 18. Qb7 Rb8 19. Qxc7 Rxb2+ 20. Kf1 Nf8 21. Rc6 Ne6 22.
Qxa5 Bb4 23. Qe5 Qd8 24. d5 Ba3 25. Qc3 Nf4 26. Qxa3 Nxd3 27. Qxd3 1-0

[Event "*** SCC Grand Prix: Titled Tuesday Blitz"]
[Site "Chess.com"]
[Date "2020.08.11"]
[Round "5"]
[White "chargemax23"]
[Black "hansen"]
[Result "0-1"]
[WhiteElo "2645"]
[BlackElo "2928"]
[TimeControl "180+1"]
[EndTime "10:54:20 PDT"]
[Termination "hansen won by resignation"]

1. c4 Nf6 2. Nc3 e5 3. Nf3 Nc6 4. e4 Bb4 5. d3 O-O 6. a3 Bxc3+ 7. bxc3 d6 8. h3 Nd7 9. Be2 f5 10. exf5 Rxf5 11. Be3 h6 12. d4 Qe8 13. O-O Rf8 14.
Rb1 Nf6 15. c5 e4 16. Nd2 d5 17. c4 Ne7 18. Qb3 c6 19. Bf4 Qg6 20. Bd6 Rf7 21.
Bxe7 Rxe7 22. cxd5 cxd5 23. Qe3 Bd7 24. Rfc1 Bc6 25.
Bb5 Rf8 26. Bxc6 bxc6 27. Nf1 Nh5 28. Ng3 Nf4 29. Rc3 Ref7 30. Rf1 h5 31. h4 Qg4 0-1

[Event "*** SCC Grand Prix: Titled Tuesday Blitz"]
[Site "Chess.com"]
[Date "2020.08.11"]
[Round "5"]
[White "Barmen_EV"]
[Black "Rud_Makarian"]
[Result "0-1"]
[WhiteElo "2421"]
[BlackElo "2680"]
[TimeControl "180+1"]
[EndTime "10:54:20 PDT"]
[Termination "Rud_Makarian won by checkmate"]

1. d4 Nf6 2. c4 g6 3. Nc3 Bg7 4.
e4 d6 5. f4 O-O 6. Nf3 c5 7. d5 e6 8. Be2 exd5 9. cxd5 Re8 10. e5 Ng4 11. h3 Nh6 12. g4 dxe5 13. fxe5 Rxe5 14. Bxh6 Rxe2+ 15. Qxe2 Bxh6 16. Ne4 f5 17. Nc3 Bg7 18. O-O-O Na6 19. d6 Bd7 20. Ne5 Be6 21.
Nxg6 Qg5+ 22. Kb1 Qxg6 23. gxf5 Bxf5+ 24. Ka1 Nb4 25. a3 Nc2+ 26. Ka2 Nd4 27. Qc4+ Be6 28. Nd5 Qf7 29. Qxc5 Bxd5+ 30. Kb1 Be4+ 31. Kc1 Nb3# 0-1

[Event "*** SCC Grand Prix: Titled Tuesday Blitz"]
[Site "Chess.com"]
[Date "2020.08.11"]
[Round "5"]
[White "GOGIEFF"]
[Black "Iskusnyh"]
[Result "1-0"]
[WhiteElo "2861"]
[BlackElo "2563"]
[TimeControl "180+1"]
[EndTime "10:54:21 PDT"]
[Termination "GOGIEFF won on time"]

1. d4 d5 2. c4 c6 3. Nc3 Nf6 4. Nf3 a6 5. cxd5 cxd5 6. Ne5 Nc6 7. Nxc6 bxc6 8. Bf4 e6 9. Rc1 c5 10. e3 cxd4 11. exd4 Bd6 12. Bg5 O-O 13. Bd3 h6 14.
Bh4 Bd7 15. O-O Bf4 16. Rc2 a5 17. Qf3 Bd6 18. Nb5 Bxb5 19. Bxb5 Be7 20. Bg3 Ne4 21. Bc7 Qc8 22. a4 Bd6 23. Rfc1 Bxc7 24. Rxc7 Qd8 25. g3 Qg5 26. R1c2 g6 27. h4 Qd8 28.
R2c6 h5 29. Qf4 Nf6 30. Rb7 Ng4 31. Rxe6 1-0

[Event "*** SCC Grand Prix: Titled Tuesday Blitz"]
[Site "Chess.com"]
[Date "2020.08.11"]
[Round "5"]
[White "PIwan"]
[Black "Shota_Azaladze"]
[Result "1-0"]
[WhiteElo "2493"]
[BlackElo "2674"]
[TimeControl "180+1"]
[EndTime "10:54:22 PDT"]
[Termination "PIwan won by checkmate"]

1. c4 g6 2. Nc3 Bg7 3. d4 c5 4. d5 Bxc3+ 5. bxc3 Qa5 6. Qc2 f5 7. e4 d6 8. exf5 Bxf5 9. Bd3 Bxd3 10. Qxd3 Nd7 11. Nf3 Ngf6 12. O-O O-O-O 13. Re1 Rde8 14. h3 Qa6 15. Bg5 Nb6 16. Rxe7 Nfxd5 17. Rxe8+ Rxe8 18. Rd1 Nc7 19. Qxd6 Ne6 20. Be7 Qxc4 21. Ne5 Qxa2 22. Nc6 g5 23. Qb8# 1-0

[Event "*** SCC Grand Prix: Titled Tuesday Blitz"]
[Site "Chess.com"]
[Date "2020.08.11"]
[Round "5"]
[White "Anuar_Is"]
[Black "Shield12"]
[Result "0-1"]
[WhiteElo "2696"]
[BlackElo "2858"]
[TimeControl "180+1"]
[EndTime "10:54:25 PDT"]
[Termination "Shield12 won by resignation"]

1. e4 c5 2. Nf3 Nc6 3. d4 cxd4 4. Nxd4 Nf6 5. Nc3 d6 6. Bg5 e6 7.
Qd2 a6 8. O-O-O Bd7 9. f4 b5 10.
Bxf6 gxf6 11. Kb1 Qb6 12. Nf5 exf5 13. Nd5 Qb7 14. Nxf6+ Kd8 15. e5 Be7 16. Nd5 dxe5 17. fxe5 Ke8 18. Nb6 Rd8 19. Nxd7 Rxd7 20. Bd3 Nxe5 21.
Qc3 Qc7 22. Qxc7 Rxc7 23. Bxf5 Kf8 24. Rhe1 Rc5 25. b4 Rc4 26. a3 Bf6 27. Rd6 Kg7 28. Rxa6 Rd8 29. g4 h6 30. h4 Nxg4 31. Bd3 Rcd4 32. h5 R8d5 33. Rg1 Rxh5 34. Ra7 Rg5 35. Rf1 h5 36. Rb7 h4 37. Bxb5 h3 38. Rh1 Nf2 39.
Rh2 Rg2 0-1

[Event "*** SCC Grand Prix: Titled Tuesday Blitz"]
[Site "Chess.com"]
[Date "2020.08.11"]
[Round "5"]
[White "AlexTriapishko"]
[Black "ClydeHillKid"]
[Result "1-0"]
[WhiteElo "2673"]
[BlackElo "2330"]
[TimeControl "180+1"]
[EndTime "10:54:26 PDT"]
[Termination "AlexTriapishko won by resignation"]

1. e4 e6 2. Qe2 Be7 3. Nf3 d5 4.
e5 c5 5. g3 Nc6 6. d3 f6 7.
Bg2 fxe5 8. Nxe5 Nxe5 9. Qxe5 Nf6 10. O-O O-O 11. Nc3 Bd7 12. Bd2 b5 13. h3 b4 14. Ne2 Qb8 15. Qxb8 Raxb8 16. Rfe1 Bd6 17. Nf4 Rfe8 18. h4 Kf7 19. a3 b3 20. c4 d4 21. Nh3 h6 22. Re2 e5 23. f3 Bf5 24.
Nf2 Bc7 25. g4 Bd7 26. Bh3 a5 27. Rf1 Kg6 28. Kg2 h5 29. gxh5+ Kxh5 30. Bxd7 Nxd7 31. Ne4 Re6 32. Rh1 Rbe8 33. Bg5 Bb6 34. Ng3+ Kg6 35. Re4 Nf6 36. Bxf6 gxf6 37. Rg4+ Kf7 38. Nf5 Rg8 39. Nh6+ Ke7 40. Rxg8 Kd6 41. Nf5+ Kc6 42. h5 a4 43. h6 1-0

[Event "*** SCC Grand Prix: Titled Tuesday Blitz"]
[Site "Chess.com"]
[Date "2020.08.11"]
[Round "5"]
[White "SanchezKelvin"]
[Black "AlanZhang"]
[Result "1-0"]
[WhiteElo "2349"]
[BlackElo "2174"]
[TimeControl "180+1"]
[EndTime "10:54:26 PDT"]
[Termination "SanchezKelvin won on time"]

1. d4 Nf6 2. c4 e6 3. Nf3 d5 4.
Nc3 Be7 5. Bg5 O-O 6. e3 b6 7. Qc2 Bb7 8. cxd5 exd5 9. Bd3 Nbd7 10. O-O-O c5 11. Kb1 h6 12. Bxf6 Nxf6 13. g4 c4 14. Bf5 Bc6 15. h4 Ne8 16. g5 h5 17. Ne5 Qd6 18.
Bh7+ Kh8 19. g6 Qf6 20. gxf7 Rxf7 21. Bg6 Rf8 22. Qe2 Kg8 23. Qxh5 1-0

[Event "*** SCC Grand Prix: Titled Tuesday Blitz"]
[Site "Chess.com"]
[Date "2020.08.11"]
[Round "5"]
[White "Meri-Arabidze"]
[Black "chigorin28"]
[Result "1-0"]
[WhiteElo "2604"]
[BlackElo "2416"]
[TimeControl "180+1"]
[EndTime "10:54:29 PDT"]
[Termination "Meri-Arabidze won on time"]

1. d4 Nf6 2. c4 e6 3. Nf3 Bb4+ 4. Bd2 Bxd2+ 5. Qxd2 b6 6. Nc3 Bb7 7. e3 Ne4 8. Qc2 Nxc3 9. Qxc3 O-O 10. Be2 d6 11. O-O Nd7 12. b4 a5 13. a3 Qf6 14. h3 e5 15. d5 Qe7 16. e4 g6 17. Nd2 f5 18.
exf5 gxf5 19. Nb3 a4 20. Nd2 e4 21. f4 Qg7 22. Qxg7+ Kxg7 23. Rfc1 Rf7 24. Nf1 Nf6 25. Ne3 Kg6 26. Kf2 h5 27. Rd1 h4 28. Rac1 Nh5 29. Bxh5+ Kxh5 30. c5 bxc5 31. bxc5 Kg6 32. Rd4 Ra5 33. Rb4 Ba6 34. cxd6 cxd6 35. Rc6 Rd7 36.
Rbb6 Bd3 37. Rxd6+ Rxd6 38. Rxd6+ Kf7 39. Nxf5 Rb5 40.
Nxh4 Rb2+ 41. Ke3 Re2+ 42. Kd4 Bc2 43. Re6 1-0

[Event "*** SCC Grand Prix: Titled Tuesday Blitz"]
[Site "Chess.com"]
[Date "2020.08.11"]
[Round "5"]
[White "SilviusTiberius"]
[Black "Grieve72"]
[Result "1-0"]
[WhiteElo "2512"]
[BlackElo "2347"]
[TimeControl "180+1"]
[EndTime "10:54:29 PDT"]
[Termination "SilviusTiberius won by resignation"]

1. e4 c5 2. Nf3 e6 3. d4 cxd4 4.
Nxd4 Nc6 5. Nc3 Qc7 6. Be3 a6 7. Qf3 Nf6 8. O-O-O h5 9. Nxc6 dxc6 10. h3 b5 11. Bg5 e5 12. Bxf6 gxf6 13. Qxf6 Rh6 14.
Qf3 Be6 15. Kb1 Qa5 16. Be2 b4 17. Nd5 cxd5 18. exd5 Bd7 19. Bc4 Bd6 20. Qe3 Rh8 21. f4 f6 22. fxe5 Bxe5 23. d6 Rc8 24. Rd5 Qxd5 25.
Bxd5 Bc6 26. Qa7 Bxd6 27. Re1+ Be5 28. Bxc6+ Rxc6 29. Qa8+ Kd7 30. Qxh8 1-0

[Event "*** SCC Grand Prix: Titled Tuesday Blitz"]
[Site "Chess.com"]
[Date "2020.08.11"]
[Round "5"]
[White "AGW2016"]
[Black "HrvojeZagreb"]
[Result "1-0"]
[WhiteElo "2320"]
[BlackElo "2118"]
[TimeControl "180+1"]
[EndTime "10:54:30 PDT"]
[Termination "AGW2016 won by resignation"]

1. d4 e6 2. c4 f5 3. Nf3 Nf6 4. g3 Be7 5. Nc3 O-O 6. Bg2 d6 7. O-O Ne4 8. Nd2 Nxc3 9. bxc3 e5 10. e4 f4 11. c5 Qe8 12. cxd6 cxd6 13. Nc4 Nc6 14.
Ba3 exd4 15. cxd4 f3 16. Bxf3 Nxd4 17. Qxd4 Rxf3 18. Bxd6 Bh3 19. Rfe1 Rd8 20. e5 Qc6 21. Qe4 Qxe4 22. Rxe4 Bg5 23. Rae1 b5 24. Na5 Rc8 25. e6 Rc2 26. e7 Bxe7 27. Rxe7 Rcxf2 28. Re8+ Kf7 29. Rf8+ Kg6 30. Rxf3 Rxf3 31. Nb3 h5 32. Bc5 a6 33. Bf2 Be6 34. Nd4 1-0

[Event "*** SCC Grand Prix: Titled Tuesday Blitz"]
[Site "Chess.com"]
[Date "2020.08.11"]
[Round "5"]
[White "sergeikim"]
[Black "RobertoJBM"]
[Result "0-1"]
[WhiteElo "2463"]
[BlackElo "2716"]
[TimeControl "180+1"]
[EndTime "10:54:33 PDT"]
[Termination "RobertoJBM won by resignation"]

1. d4 d5 2. c4 c6 3. Nf3 Nf6 4.
Qc2 g6 5. e3 Bf5 6. Bd3 Bxd3 7.
Qxd3 Bg7 8. O-O O-O 9. Nc3 e6 10.
e4 dxe4 11. Nxe4 Nxe4 12. Qxe4 Nd7 13. Bd2 Re8 14. Bc3 Rc8 15. Rad1 Qb6 16. Ne5 Nxe5 17. dxe5 Red8 18. b4 Qa6 19. Qe2 Bf8 20. h4 h5 21.
b5 cxb5 22. cxb5 Qa4 23. g3 Bc5 24. Kg2 Be7 25. Qf3 Rxd1 26. Rxd1 Rxc3 27. Qxc3 Qxd1 28. Qc8+ Bd8 29. Qxb7 Qd5+ 30. Qxd5 exd5 31. Kf3 Bb6 32. Ke2 f6 33. exf6 Kf7 34. f3 Kxf6 35. g4 Ke5 36.
a4 Kf4 37. gxh5 gxh5 0-1

[Event "*** SCC Grand Prix: Titled Tuesday Blitz"]
[Site "Chess.com"]
[Date "2020.08.11"]
[Round "5"]
[White "Resignify"]
[Black "DinaBelenkaya"]
[Result "0-1"]
[WhiteElo "2196"]
[BlackElo "2347"]
[TimeControl "180+1"]
[EndTime "10:54:34 PDT"]
[Termination "DinaBelenkaya won on time"]

1. e4 d5 2. exd5 Qxd5 3. Nc3 Qa5 4. d4 Nf6 5. Bc4 c6 6. Ne2 Bf5 7. O-O e6 8. Ng3 Bg6 9. f4 Be7 10. f5 exf5 11. Qe2 Kf8 12. Re1 Bd6 13. Bg5 Nbd7 14.
Bd2 Qc7 15. Nf1 Ne4 16. Nxe4 fxe4 17. Qf2 Nf6 18. h3 h6 19. c3 Re8 20. Be3 Kg8 21. Re2 Nd5 22. Bb3 f5 23. c4 Nxe3 24. Qxe3 Kh7 25. c5 Bf4 26. Qf2 Rhf8 27. h4 Bh5 28. Ree1 e3 29. Qc2 e2 30. Nd2 Bg3 0-1

[Event "*** SCC Grand Prix: Titled Tuesday Blitz"]
[Site "Chess.com"]
[Date "2020.08.11"]
[Round "5"]
[White "rududuyk"]
[Black "Irishchessman16"]
[Result "0-1"]
[WhiteElo "2118"]
[BlackElo "2364"]
[TimeControl "180+1"]
[EndTime "10:54:35 PDT"]
[Termination "Irishchessman16 won by checkmate"]

1. e4 c5 2. Nc3 Nc6 3. f4 g6 4. Nf3 Bg7 5. Bc4 e6 6. O-O Nge7 7. d3 d5 8. Bb3 O-O 9. Qe1 b5 10. Nxb5 Qb6 11. c4 Nb4 12. Qe2 Bb7 13. exd5 a6 14. Nc3 Nf5 15. dxe6 Rae8 16. exf7+ Kxf7 17. Ne5+ Kg8 18. Nd5 Nxd5 19. cxd5 Nd4 20. Qd1 Nxb3 21. Nd7 Bd4+ 22. Kh1 Qd6 23. Nxf8 Nxa1 24. Ne6 Qxd5 25. Qg4 Rxe6 26. f5 Re2 27. fxg6 Qxg2+ 28. Qxg2 Bxg2# 0-1

[Event "*** SCC Grand Prix: Titled Tuesday Blitz"]
[Site "Chess.com"]
[Date "2020.08.11"]
[Round "5"]
[White "Zarinur"]
[Black "Duong57"]
[Result "0-1"]
[WhiteElo "2155"]
[BlackElo "2338"]
[TimeControl "180+1"]
[EndTime "10:54:36 PDT"]
[Termination "Duong57 won on time"]

1. e4 c5 2. Nf3 d6 3. Bb5+ Nc6 4. O-O Bd7 5. Re1 Nf6 6. c3 a6 7. Bf1 Bg4 8. d3 e5 9. h3 Bxf3 10. Qxf3 g6 11. Bg5 Bg7 12. Nd2 h6 13. Bxf6 Bxf6 14. Nc4 Bg7 15. Ne3 Ne7 16. a4 O-O 17. a5 Qd7 18.
Nc4 Qe6 19. Red1 Rad8 20. Nb6 f6 21. d4 cxd4 22. Bc4 d5 23. exd5 Qd6 24. Ba2 f5 25.
Nc4 Qc5 26. d6 Nc6 27. Nxe5+ Kh7 28. Nf7 Rxf7 29. Bxf7 Rxd6 30. cxd4 Bxd4 31. g3 Ne5 32.
Qb3 Bxf2+ 33. Kg2 Bd4 0-1

[Event "*** SCC Grand Prix: Titled Tuesday Blitz"]
[Site "Chess.com"]
[Date "2020.08.11"]
[Round "5"]
[White "Sharpchess22"]
[Black "Firegrizzly"]
[Result "0-1"]
[WhiteElo "2778"]
[BlackElo "2562"]
[TimeControl "180+1"]
[EndTime "10:54:38 PDT"]
[Termination "Firegrizzly won by resignation"]

1. d4 Nf6 2. c4 g6 3. Nc3 Bg7 4. e4 O-O 5. h3 d6 6. Be3 e5 7. d5 a5 8. g4 Na6 9. Nge2 Nd7 10. Ng3 Ndc5 11. h4 Bf6 12. g5 Bg7 13. h5 Nb4 14. h6 Bh8 15. a3 Nba6 16. Rb1 f6 17. b4 axb4 18. axb4 Nd7 19. Bh3 Ndb8 20.
Bxc8 Qxc8 21. gxf6 Bxf6 22. Nf1 Qd8 23. Qg4 Qd7 24.
Qg3 c6 25. Nd2 Qf7 26. Kf1 Nd7 27. Kg2 c5 28. bxc5 Ndxc5 29. Rb6 Rad8 30. Rhb1 Rd7 31. Nb3 Nd3 32. Na5 Nf4+ 33. Kf1 Bd8 34. Rxa6 bxa6 35. Nc6 Rb7 36. Ra1 Rb3 37. Ne2 Nxe2 38. Kxe2 Bb6 39.
Rxa6 Bxe3 40. fxe3 Rb2+ 41. Kd3 Qf1+ 0-1

[Event "*** SCC Grand Prix: Titled Tuesday Blitz"]
[Site "Chess.com"]
[Date "2020.08.11"]
[Round "5"]
[White "Murad_Ibrahimli"]
[Black "Vsevolod_Ovchinnikov"]
[Result "1-0"]
[WhiteElo "2696"]
[BlackElo "2445"]
[TimeControl "180+1"]
[EndTime "10:54:39 PDT"]
[Termination "Murad_Ibrahimli won by resignation"]

1. d4 Nf6 2. Nf3 g6 3. Bg5 Bg7 4. Nbd2 d5 5. e3 O-O 6. Bd3 b6 7. O-O c5 8. c3 Ba6 9. Bxa6 Nxa6 10. Ne5 Nc7 11. a4 h6 12. Bh4 Nce8 13. a5 Rc8 14. axb6 axb6 15. Ra7 g5 16. Bg3 Nd6 17. Qa4 Qe8 18. Qxe8 Rfxe8 19. Rfa1 Nfe4 20. Nxe4 Nxe4 21. Nd7 Nxg3 22. hxg3 Rc6 23. Rb7 cxd4 24. exd4 e5 25. dxe5 Bxe5 26. Re1 Rce6 27. Rxb6 Bd6 28. Nf6+ Kh8 29.
Rxe6 Rxe6 30. Nxd5 Kg7 31. Ne3 Kf6 32. Kf1 Bc5 33. Rxe6+ fxe6 34. Ng4+ Kg6 35. b4 Bb6 36. c4 h5 37. c5 Bxc5 38. bxc5 hxg4 39. c6 1-0

[Event "*** SCC Grand Prix: Titled Tuesday Blitz"]
[Site "Chess.com"]
[Date "2020.08.11"]
[Round "5"]
[White "LuisFSiles"]
[Black "MikeSailer"]
[Result "1-0"]
[WhiteElo "2318"]
[BlackElo "2117"]
[TimeControl "180+1"]
[EndTime "10:54:43 PDT"]
[Termination "LuisFSiles won by checkmate"]

1. e4 d5 2. exd5 Qxd5 3. Nc3 Qd6 4. d4 Nf6 5. Bd3 c6 6. Nge2 Bg4 7. f3 Bh5 8. Bf4 Qd8 9. Qd2 e6 10. O-O-O Bb4 11.
h4 Nbd7 12. g4 Bg6 13. h5 Bxd3 14. Qxd3 Qa5 15. Kb1 O-O-O 16. h6 g6 17. a3 Be7 18.
Ne4 Nxe4 19. fxe4 Nc5 20. Qf3 Na4 21. Qb3 Nb6 22. c4 f5 23. c5 Bxc5 24. dxc5 Qxc5 25. Qxe6+ Nd7 26. Rc1 Qf2 27. Rxc6+ bxc6 28. Qxc6# 1-0

[Event "*** SCC Grand Prix: Titled Tuesday Blitz"]
[Site "Chess.com"]
[Date "2020.08.11"]
[Round "5"]
[White "c_r_e_e_p_e_r"]
[Black "Morshynska"]
[Result "1-0"]
[WhiteElo "2338"]
[BlackElo "2165"]
[TimeControl "180+1"]
[EndTime "10:54:43 PDT"]
[Termination "c_r_e_e_p_e_r won on time"]

1. e4 e5 2. Nf3 Nc6 3. Bb5 a6 4. Ba4 Nf6 5. O-O b5 6. Bb3 Bb7 7. d4 Nxd4 8. Nxe5 Nxb3 9. axb3 d6 10. Nf3 Nxe4 11. Re1 Be7 12. Qd4 Nf6 13. Qe3 Qd7 14.
Nc3 Bxf3 15. Qxf3 O-O 16. Bg5 h6 17. Bxf6 Bxf6 18. Nd5 Bxb2 19. Rad1 Rae8 20. Rxe8 Rxe8 21. c3 c6 22. Nb4 d5 23. Nxa6 Ba3 24. c4 bxc4 25.
bxc4 Qb7 26. Qxa3 Ra8 27. Nc5 Qc8 28. Qc3 dxc4 29. Qxc4 Kh7 30. Qxf7 Qg4 31. f3 Qg5 32. Ne4 Qe3+ 33. Kh1 1-0

[Event "*** SCC Grand Prix: Titled Tuesday Blitz"]
[Site "Chess.com"]
[Date "2020.08.11"]
[Round "5"]
[White "QuintilianoR"]
[Black "Tashik"]
[Result "1-0"]
[WhiteElo "2648"]
[BlackElo "2381"]
[TimeControl "180+1"]
[EndTime "10:54:46 PDT"]
[Termination "QuintilianoR won by resignation"]

1. d4 Nf6 2. c4 c5 3. d5 b5 4. cxb5 a6 5. e3 g6 6. Nc3 Bg7 7. Nf3 O-O 8. a4 Bb7 9. e4 e6 10. Be2 exd5 11. exd5 axb5 12. Bxb5 Qe8+ 13. Be3 Ng4 14.
Qd3 Na6 15. O-O Nb4 16. Qd2 Nxe3 17. fxe3 Bxc3 18. bxc3 Nxd5 19. e4 Qxe4 20. Rae1 Qf4 21. Qxf4 Nxf4 22. Ne5 Nxg2 23. Re2 d6 24. Nd7 Rfd8 25.
Nf6+ Kg7 26. Re7 Rab8 27. Nd7 Bd5 28. Nxb8 Rxb8 29. c4 Ba8 30. Rfxf7+ Kh6 31. Rxh7+ Kg5 32. Re8 Rxe8 33. Bxe8 Nf4 34. a5 d5 35. Ra7 1-0

[Event "*** SCC Grand Prix: Titled Tuesday Blitz"]
[Site "Chess.com"]
[Date "2020.08.11"]
[Round "5"]
[White "pastouche06"]
[Black "Supernotar"]
[Result "0-1"]
[WhiteElo "2505"]
[BlackElo "2704"]
[TimeControl "180+1"]
[EndTime "10:54:47 PDT"]
[Termination "Supernotar won by resignation"]

1. d4 d5 2. c4 dxc4 3. e3 Nf6 4. Bxc4 e6 5. Nf3 a6 6. O-O b5 7. Bb3 Bb7 8. a4 b4 9. Nbd2 Nbd7 10. Qe2 c5 11. e4 cxd4 12. e5 Nd5 13. Nc4 Be7 14. Nxd4 O-O 15. Rd1 Qc7 16. a5 Rad8 17. h4 Nc5 18.
Bc2 Rfe8 19. Nf3 b3 20. Bb1 Nb4 21. Rxd8 Rxd8 22. Ng5 g6 23. Nxh7 Ncd3 24. Bd2 Qxc4 25.
Nf6+ Bxf6 26. exf6 Nc2 0-1

[Event "*** SCC Grand Prix: Titled Tuesday Blitz"]
[Site "Chess.com"]
[Date "2020.08.11"]
[Round "5"]
[White "vesalhamedinia"]
[Black "TheMightyBishops"]
[Result "1-0"]
[WhiteElo "2285"]
[BlackElo "2008"]
[TimeControl "180+1"]
[EndTime "10:54:48 PDT"]
[Termination "vesalhamedinia won on time"]

1. d4 d6 2. c4 Nd7 3. Nc3 Ngf6 4. Nf3 e5 5. dxe5 dxe5 6. Bg5 c6 7. e3 Qc7 8. Be2 h6 9. Bh4 g5 10. Bg3 Nh5 11. Bxe5 Nxe5 12. Nxe5 Nf4 13. exf4 gxf4 14. Nf3 Rg8 15. Qd4 Bg7 16. Qe4+ Be6 17. Nd4 O-O-O 18. Nxe6 fxe6 19. O-O e5 20. Rac1 Rd4 21. Qf5+ Kb8 22. Qh7 Qf7 23. Bh5 Qf6 24. Qxg8+ Kc7 25. Qf7+ Kb6 26.
c5+ Ka6 27. Be2+ b5 28. cxb6+ Kxb6 29. Qb3+ Kc7 30. Nb5+ Kc8 31. Nxd4 f3 32. Bxf3 exd4 33. Rxc6+ 1-0

[Event "*** SCC Grand Prix: Titled Tuesday Blitz"]
[Site "Chess.com"]
[Date "2020.08.11"]
[Round "5"]
[White "Grandelicious"]
[Black "keshka01"]
[Result "1-0"]
[WhiteElo "2767"]
[BlackElo "2591"]
[TimeControl "180+1"]
[EndTime "10:54:49 PDT"]
[Termination "Grandelicious won by resignation"]

1. Nf3 Nf6 2. g3 d5 3. Bg2 e6 4. b3 Be7 5. Bb2 O-O 6. O-O b6 7. c4 Bb7 8. cxd5 Nxd5 9. d4 Nd7 10. Re1 c5 11. e4 N5f6 12. Nc3 cxd4 13. Nxd4 Bc5 14. Na4 Bb4 15. Re2 Nc5 16. Nxc5 Bxc5 17. a3 e5 18. Nf5 Qxd1+ 19. Rxd1 Rfe8 20. b4 Bf8 21. Nd6 Bxd6 22. Rxd6 Kf8 23. f3 Rac8 24. Red2 Ba6 25. Kf2 Rc7 26. a4 Bc4 27. b5 Bb3 28. Ba3 Kg8 29. Rc6 Rxc6 30. bxc6 Rc8 31. c7 1-0

[Event "*** SCC Grand Prix: Titled Tuesday Blitz"]
[Site "Chess.com"]
[Date "2020.08.11"]
[Round "5"]
[White "jlandaw"]
[Black "mjray79"]
[Result "1-0"]
[WhiteElo "2521"]
[BlackElo "2363"]
[TimeControl "180+1"]
[EndTime "10:54:49 PDT"]
[Termination "jlandaw won by resignation"]

1. e4 e5 2. Nf3 Nc6 3. Bb5 a6 4. Ba4 Nf6 5. O-O Be7 6. Re1 b5 7. Bb3 O-O 8. h3 d6 9. c3 Nb8 10. d4 Nbd7 11. Nbd2 c5 12. Nf1 Qc7 13. Ng3 Re8 14.
Ng5 c4 15. Bc2 Bf8 16. f4 g6 17. fxe5 dxe5 18. d5 Nc5 19. Rf1 Bg7 20. Be3 Qd6 21.
Qd2 a5 22. b4 cxb3 23. axb3 Ncd7 24. c4 bxc4 25. bxc4 Ba6 26. Bd3 Rec8 27. Rxa5 Rab8 28. c5 Nxc5 29. Bxc5 Rxc5 30. Rxa6 Qc7 31. Raxf6 Bxf6 32. Rxf6 Rc1+ 33. Kh2 Qc5 34. Ne2 Ra8 35. Qxc1 Qe7 36. Rxf7 1-0

[Event "*** SCC Grand Prix: Titled Tuesday Blitz"]
[Site "Chess.com"]
[Date "2020.08.11"]
[Round "5"]
[White "IngOscarArdila"]
[Black "Nafania1"]
[Result "0-1"]
[WhiteElo "2198"]
[BlackElo "2473"]
[TimeControl "180+1"]
[EndTime "10:54:49 PDT"]
[Termination "Nafania1 won by resignation"]

1. d4 Nf6 2. c4 e6 3. Nc3 Bb4 4.
Bd2 O-O 5. e3 d5 6. cxd5 exd5 7.
Bd3 b6 8. Nge2 Re8 9. O-O Ba6 10. Bxa6 Nxa6 11. Qa4 Qc8 12. a3 Bf8 13. Rac1 c5 14.
Nb5 Qb7 15. Nf4 Rac8 16. Nd3 Ne4 17. Be1 cxd4 18. Nxd4 Nac5 19. Nxc5 bxc5 20. Nf5 Qxb2 21. Ba5 Qe5 22. Ng3 Bd6 23. Rfd1 h5 24. Nf1 Qg5 25. Qb3 Nf6 26. Bc3 d4 27. Bd2 Ne4 28. Be1 dxe3 29. Nxe3 Qe5 30. Nf1 Bf8 31. Rd5 Qe6 32.
Rcd1 Nf6 33. R5d3 c4 0-1